 Dungeon Crawl Stone Soup version 0.28.0-1-gb440e238dd (webtiles) character file.

Game seed: 14988824863272548513

718 mortz the Conjurer (level 8, 0/54 HPs)
             Began as a Human Conjurer on Feb 21, 2022.
             Killed by nerve-wracking pain
             ... invoked by an orc priest
              (13 damage)
             ... on level 4 of the Dungeon.
             The game lasted 00:22:41 (4915 turns).

mortz the Conjurer (Human Conjurer)                 Turns: 4915, Time: 00:22:42

Health: 0/54       AC:  5    Str:  7    XL:     8   Next: 1%
Magic:  11/14      EV: 11    Int: 22    God:
Gold:   242        SH:  0    Dex: 11    Spells: 13/16 levels left

rFire   . . .      SeeInvis .   t - +1 falchion (holy)
rCold   . . .      Faith    .   (no shield)
rNeg    . . .      Spirit   .   s - +0 leather armour
rPois   .          Reflect  .   (no helmet)
rElec   .          Harm     .   h - +0 cloak
rCorr   .          Rampage  .   (no gloves)
Will    .....                   o - +0 pair of boots
Stlth   ++........              (no amulet)
HPRegen 0.18/turn               (no ring)
MPRegen 0.14/turn               (no ring)

@: very slightly contaminated
A: no striking features
a: no special abilities


You were on level 4 of the Dungeon.
You visited 1 branch of the dungeon, and saw 5 of its levels.

You collected 242 gold pieces.

Inventory:

Hand Weapons
 i - a +0 short sword
 t - a +1 falchion of holy wrath (weapon)
 y - a +0 trident
Missiles
 w - 4 poisoned darts
Armour
 a - a +0 robe
 f - a +0 ring mail
 h - a +0 cloak (worn)
 o - a +0 pair of boots (worn)
 s - a +0 leather armour (worn)
Magical Staves
 c - a staff of earth
Jewellery
 l - a ring of protection from fire
Wands
 v - a wand of iceblast (5)
Scrolls
 d - 4 scrolls of identify {unknown}
 g - 2 scrolls of noise {unknown}
 j - 3 scrolls of magic mapping {unknown}
 k - a scroll of immolation {unknown}
 n - a scroll of teleportation {unknown}
 r - a scroll of amnesia {unknown}
Potions
 e - a potion of mutation {unknown}
 m - a potion of brilliance {unknown}
 p - a potion of magic {unknown}
 q - 2 potions of degeneration {unknown}


   Skills:
 + Level 1.1 Fighting
 + Level 0.4 Long Blades
 + Level 2.6 Armour
 + Level 3.0 Dodging
 + Level 3.0 Stealth
 + Level 4.5 Spellcasting
 + Level 6.3 Conjurations


You had 13 spell levels left.
You knew the following spells:

 Your Spells              Type           Power      Damage    Failure   Level
a - Magic Dart            Conj           100%       1d8       1%          1
b - Searing Ray           Conj           66%        2d6       1%          2

Your spell library contained the following spells:

 Spells                   Type           Power      Damage    Failure   Level
 Dazzling Flash           Conj/Hex       38%        N/A       13%         3
 Animate Skeleton         Necr           8%         N/A       16%         1
 Apportation              Tloc           8%         N/A       16%         1
 Sting                    Tmut/Pois      16%        1d3       16%         1
 Summon Small Mammal      Summ           16%        N/A       16%         1
 Poisonous Vapours        Pois/Air       8%         N/A       24%         2
 Fulminant Prism          Conj/Hex       9%         3d7       38%         4
 Iskenderun's Mystic Bla  Conj/Tloc      19%        2d6       38%         4
 Irradiate                Conj/Tmut      9%         3d16      75%         5
 Olgreb's Toxic Radiance  Pois           4%         N/A       83%         4
 Passage of Golubria      Tloc           4%         N/A       83%         4
 Blade Hands              Tmut           2%         N/A       99%         5
 Silence                  Hex/Air        2%         N/A       99%         5
 Dragon Form              Tmut           2%         N/A       100%        7
 Lehudib's Crystal Spear  Conj/Erth      9%         10d4      100%        8


Dungeon Overview and Level Annotations

Branches:
Dungeon (5/15)
 Temple: D:4-7

Altars:

Shops:
D:1 [

Annotations:
D:3 2 runed translucent doors, horus123's ghost, amateur DECj


Message History

You start resting.
Magic restored.
There is a stone staircase leading down here.
You climb downwards.
The orc priest hits you with a +0 club.
There is a stone staircase leading up, spattered with blood here.
Casting: Searing Ray (safe; 1% risk of failure)
Confirm with . or Enter, or press ? or * to list all spells.
Aiming: Searing Ray (safe; 1% risk of failure)
Press: ? - help, Shift-Dir - straight line, f - orc priest
Aim: an orc priest, wielding a +0 club (81% to hit)
You miscast Searing Ray.
You are very lightly contaminated with residual magic.
Nothing appears to happen.
The orc priest calls down the wrath of Beogh upon you.
Pain shoots through your body!
The orc priest calls down the wrath of Beogh upon you.
Beogh smites you!
You hear a shout!
The gnoll hits you from afar with a +2 spear of flaming.
The gnoll burns you.
A gnoll comes into view. It is wielding a +0 club.
The orc priest invokes the aid of Beogh against you.
Pain shoots through your body! The gnoll closely misses you.
The orc priest hits you but does no damage.
The gnoll barely misses you. The orc priest hits you with a +0 club.
* * * LOW HITPOINT WARNING * * *
You climb upwards.
There is a stone staircase leading down here.
Casting: Searing Ray (safe; 1% risk of failure)
Confirm with . or Enter, or press ? or * to list all spells.
Aiming: Searing Ray (safe; 1% risk of failure)
Press: ? - help, Shift-Dir - straight line, f - orc priest
Aim: an orc priest, wielding a +0 club (81% to hit)
The searing ray hits the orc priest.
The orc priest is moderately wounded. (Press . to maintain the ray.)
The orc priest calls down the wrath of Beogh upon you.
Pain shoots through your body!
You die...

...#.....##.#.........PPP≈PPPPP##
#........####.(..#....P≈≈♣P≈PP≈≈.
#........#####........P.≈≈≈≈≈≈♣≈≈
..##.##...#............≈.PP≈≈♣≈≈≈
..#...#.....##.####........PPP≈≈≈
#..#.........#.####.........PPP♣≈
#..#.........[...............PPP♣
#..............o.).###......#.P♣≈
.....>##.#......@##......##≈PPP♣≈
....#..#.#..............P≈.P≈≈♣≈≈
.##.#...####...#......[≈≈≈≈≈≈♣P≈≈
......#...###..##.....≈≈≈≈♣≈PPP.(
#....##...#########...≈≈≈≈PPP....
............## ###.P≈≈PP....##
##########...# #...P≈...### #
######...# #......###
#####.......## ########


You could see an orc priest.

Vanquished Creatures
  Prince Ribbit (D:5)
  A black bear (D:4)
  A scorpion (D:5)
  2 water moccasin skeletons
  2 hounds
  An orc priest (D:5)
  Ijyb (D:4)
  Natasha (twice) (D:3)
  3 adders
  A white imp (D:4)
  2 worms
  A dart slug (D:3)
  7 orcs
  5 ball pythons
  6 bats
  8 endoplasms
  4 giant cockroaches
  3 goblins
  6 hobgoblins
  2 jackals (D:2)
  5 kobolds
  3 quokkas
  5 frilled lizards
  7 rats
79 creatures vanquished.

Vanquished Creatures (others)
  6 fungi (D:2)
  9 plants (D:4)
  5 toadstools (D:2)
20 creatures vanquished.

Grand Total: 99 creatures vanquished

Notes
Turn   | Place    | Note
-------+----------+-------------------------------------------
     0 | D:1      | mortz the Human Conjurer began the quest for the Orb.
     0 | D:1      | Reached XP level 1. HP: 13/13 MP: 3/3
   240 | D:1      | Reached XP level 2. HP: 19/19 MP: 0/5
   243 | D:1      | Learned a level 2 spell: Searing Ray
   404 | D:1      | Found a faded altar of an unknown god.
   858 | D:1      | Found Viclauj's Armour Shop.
   893 | D:1      | Reached XP level 3. HP: 24/24 MP: 4/6
  1343 | D:2      | Reached skill level 5 in Conjurations
  1343 | D:2      | Reached XP level 4. HP: 28/30 MP: 2/7
  2379 | D:3      | Found a runed translucent door.
  2382 | D:3      | Noticed a bullfrog
  2383 | D:3      | Noticed horus123's ghost (amateur DECj)
  2405 | D:3      | Reached XP level 5. HP: 35/35 MP: 5/9
  2720 | D:3      | Found a runed translucent door.
  2742 | D:3      | Noticed Natasha
  2745 | D:3      | Killed Natasha
  2878 | D:3      | Noticed Natasha
  2883 | D:3      | Killed Natasha
  3231 | D:4      | Reached XP level 6. HP: 23/42 MP: 1/11
  3413 | D:4      | Noticed a black bear
  3424 | D:4      | Killed a black bear
  3609 | D:4      | Noticed Ijyb
  3984 | D:4      | Killed Ijyb
  4102 | D:5      | Entered Level 5 of the Dungeon
  4267 | D:5      | Reached skill level 1 in Armour
  4267 | D:5      | Reached XP level 7. HP: 42/47 MP: 2/13
  4352 | D:5      | Noticed Prince Ribbit
  4363 | D:5      | Reached skill level 6 in Conjurations
  4490 | D:5      | Killed Prince Ribbit
  4491 | D:5      | Reached skill level 1 in Fighting
  4684 | D:5      | Reached XP level 8. HP: 35/54 MP: 6/14
  4915 | D:4      | Killed from afar by an orc priest

Illustrated notes

Levels and vault maps discovered:
D:1:      amcnicky_arrival_wind_blow, layout_loops_ring,
          chequers_ecumenical_altar_simple_redux, serial_shops,
          nicolae_shop_stone
D:2:      layout_basic, minmay_gold_behind_fungi
D:3:      layout_rooms, ebering_ghost_sewer_f, uniq_natasha
D:4:      layout_cave_pools, serial_bayou, serial_bayou_pond_e,
          serial_bayou_lake_a, serial_bayou_ford_a, serial_bayou_lagoon_a,
          minivault_4, chequers_jeans, uniq_ijyb
D:5:      layout_basic, minmay_temple_entry_junction_2, uniq_prince_ribbit1

Skill      XL: |  1  2  3  4  5  6  7 |
---------------+----------------------+-----
Conjurations   | 5 6 |  6.3
Spellcasting   | 3 4 |  4.5
Armour         | 1 2 |  2.6
Fighting       | 1 |  1.1
Stealth        | 3 |  3.0
Dodging        | 3 |  3.0
Long Blades    | |  0.4

Action                   |  1- 3 |  4- 6 |  7- 9 || total
-------------------------+-------+-------+-------++-------
Melee: Dagger            |    13 |       |       ||    13
       Falchion          |       |     4 |       ||     4
 Cast: Magic Dart        |    21 |    40 |     2 ||    63
       Searing Ray       |    13 |    26 |    13 ||    52
Armor: Robe              |     4 |     1 |       ||     5
       Leather armour    |       |     1 |     5 ||     6
Dodge: Dodged            |    27 |    11 |    16 ||    54
